 Dungeon Crawl Stone Soup version 0.26-a0-648-g87339cca5e (webtiles) character file.

Game seed: 2036382755809862334

26 DogServant the Caller (level 3, 0/20 HPs)
             Began as a Tengu Summoner on Sept 25, 2020.
             Slain by an adder (3 damage)
             ... on level 2 of the Dungeon.
             The game lasted 00:04:03 (2008 turns).

DogServant the Caller (Tengu Summoner)              Turns: 2008, Time: 00:04:04

Health: 0/20       AC:  2    Str:  8    XL:     3   Next: 8%
Magic:  5/7        EV: 13    Int: 15    God:
Gold:   71         SH:  0    Dex: 15    Spells: 3/6 levels left

rFire    . . .     SeeInvis .   d - +2 short sword (venom)
rCold    . . .     Faith    .   (no shield)
rNeg     . . .     Spirit   .   a - +0 robe
rPois    .         Reflect  .   (helmet restricted)
rElec    .         Harm     .   (no cloak)
rCorr    .         Rampage  .   (no gloves)
MR       .....                  (boots unavailable)
Stlth    ++........             (no amulet)
HPRegen  0.06/turn              (no ring)
MPRegen  0.10/turn              (no ring)

@: lethally poisoned (0 -> -7)
A: beak, talons 3
a: no special abilities


You were on level 2 of the Dungeon.
You visited 1 branch of the dungeon, and saw 2 of its levels.

You collected 71 gold pieces.

Inventory:

Hand Weapons
 b - a +0 hunting sling
 d - a +2 short sword of venom (weapon)
Missiles
 h - 16 arrows
Armour
 a - a +0 robe (worn)
 g - a +0 leather armour
Scrolls
 e - a scroll of identify {unknown}
 f - a scroll of fear {unknown}
 i - 2 scrolls of fog {unknown}
Potions
 c - a potion of flight {unknown}


   Skills:
 + Level 0.5 Fighting
 + Level 1.5 Slings
 - Level 2.2 Dodging
 - Level 2.0 Stealth
 - Level 2.0 Spellcasting
 + Level 5.3 Summonings


You had 3 spell levels left.
You knew the following spells:

 Your Spells              Type           Power        Failure   Level
a - Summon Small Mammal   Summ           ###.         2%          1
b - Call Imp              Summ           ###.....     3%          2

Your spell library contained the following spells:

 Spells                   Type           Power        Failure   Level
 Call Canine Familiar     Summ           ###.....     8%          3
 Summon Guardian Golem    Hex/Summ       #.......     22%         3
 Summon Ice Beast         Ice/Summ       #.......     58%         4
 Summon Lightning Spire   Summ/Air       #.......     58%         4


Dungeon Overview and Level Annotations

Branches:
Dungeon (2/15)

Altars:


Innate Abilities, Weirdness & Mutations

You have a beak for a mouth.
You have claws for feet.


Message History

You miss the adder. You peck the adder.
The adder is moderately wounded.
Your crimson imp blinks!
The adder barely misses you.
You closely miss the adder. You peck the adder.
The adder is severely wounded.
The adder misses you. The adder closely misses you.
You hit the adder.
The adder is poisoned.
Your kick misses the adder.
The adder is almost dead.
Your crimson imp blinks!
The adder bites you.
You are lethally poisoned!
The adder poisons you!
You closely miss the adder. You claw the adder, but do no damage.
The adder is almost dead.
* * * LOW HITPOINT WARNING * * *
You feel sick. The adder bites you.
* * * LOW HITPOINT WARNING * * *
The adder bites you.
You die...

#.# #>.
###########.#### #
#.......#......##.#
#.....<.#.#......$#
#.......#.#5#..####
#.......#.#....#
#.......#.##...#
#.......#....S@#
##.#.##.#.....##
#.#.........##
......#.######
##.##[#.# ... . ..#
##.### .. ..


You could see an adder (very poisoned) and a friendly crimson imp (summoned).

Vanquished Creatures
  3 bats (D:1)
  A giant cockroach (D:2)
  4 goblins (D:1)
  5 hobgoblins (D:1)
  2 kobolds (D:1)
  A rat (D:1)
16 creatures vanquished.

Vanquished Creatures (collateral kills)
  A worm (D:2)
  A ball python (D:1)
  2 goblins (D:1)
  2 hobgoblins (D:1)
  3 kobolds (D:1)
  2 rats
11 creatures vanquished.

Grand Total: 27 creatures vanquished

Notes
Turn   | Place    | Note
-------+----------+-------------------------------------------
     0 | D:1      | DogServant the Tengu Summoner began the quest for the Orb.
     0 | D:1      | Reached XP level 1. HP: 10/10 MP: 4/4
   284 | D:1      | Reached skill level 5 in Summonings
   298 | D:1      | Reached XP level 2. HP: 10/15 MP: 4/6
   305 | D:1      | Reached skill level 1 in Slings
   756 | D:1      | Learned a level 2 spell: Call Imp
  1940 | D:2      | Reached XP level 3. HP: 20/20 MP: 3/7
  2008 | D:2      | Slain by an adder

Illustrated notes

Levels and vault maps discovered:
D:1:      minmay_arrival_diagonal_passages, layout_rooms, serial_park_tiny_2,
          kennysheep_nondescript, minmay_cupped
D:2:      layout_loops_cross, nicolae_ashenzari_panopticon

Skill      XL: |  1  2 |
---------------+-------+-----
Summonings     | 5 |  5.3
Slings         | 1 |  1.5
Fighting       | |  0.5
Dodging        | |  2.2
Stealth        | |  2.0
Spellcasting   | |  2.0

Action                   || total
-------------------------++-------
Melee: Unarmed           ||     6
       Dagger            ||     8
       Peck              ||     6
       Short sword       ||    30
       Kick              ||     2
 Cast: Summon Small Mamm ||    13
       Call Imp          ||     6
Armor: Robe              ||     5
Dodge: Dodged            ||    27

Table legend: (Time is in decaauts)
 A = Elapsed time spent in this place.
 B = Non-inter-level travel time spent in this place.
 C = Inter-level travel time spent in this place.
 D = Time resting spent in this place.
 E = Time spent auto-exploring this place.
 F = Levels seen in this place.
 G = Mean time per level.
                   A        B        C        D        E       F      G
               +--------+--------+--------+--------+--------+-----+--------+
         Total |   2009 |   1975 |     34 |   1370 |    364 |   2 | 1004.5 |
       Dungeon |   2009 |   1975 |     34 |   1370 |    364 |   2 | 1004.5 |
               +--------+--------+--------+--------+--------+-----+--------+

Top non-repeatable levels by time:
     D:1: 1895 daAuts
     D:2: 114 daAuts
